 Dungeon Crawl Stone Soup version 0.21.1-1-g345015f (webtiles) character file.

5265 zhorgal the Reanimator (level 10, -7/74 HPs)
             Began as a Gnoll Necromancer on Feb 16, 2018.
             Was a Follower of Ashenzari.
             Killed from afar by a killer bee (37 damage)
             ... with an exploding inner flame
             ... hexed by the player character
             ... on level 9 of the Dungeon.
             The game lasted 00:57:16 (7702 turns).

zhorgal the Reanimator (Gnoll Necromancer)          Turns: 7702, Time: 00:57:17

Health: -7/74      AC:  8    Str: 10    XL:     10   Next: 62%
Magic:  2/21       EV: 17    Int: 21    God:    Ashenzari [*.....]
Gold:   460        SH:  5    Dex: 16    Spells: 6/23 levels left

rFire    . . .     SeeInvis .   d - +2 trident (flame)
rCold    . . .     Gourm    .   g - +0 buckler
rNeg     . . .     Faith    .   a - +0 robe
rPois    .         Spirit   .   (no helmet)
rElec    .         Reflect  .   (no cloak)
rCorr    .         Harm     .   r - +0 pair of gloves
MR       .....                  (no boots)
Stlth    ++++......             I - amulet of regeneration (curse)
HPRegen  0.62/turn              j - +5 ring of protection (curse)
MPRegen  0.17/turn              V - ring of wizardry (curse)

@: lethally poisoned (-7 -> -7)
A: distributed training, fangs 1, strong nose
a: Curse Item, Scrying, Renounce Religion


You were on level 9 of the Dungeon.
You worshipped Ashenzari.
Ashenzari was aware of your devotion.
You were hungry.

You visited 2 branches of the dungeon, and saw 10 of its levels.

You collected 460 gold pieces.

Inventory:

Hand Weapons
 b - a +1 war axe of flaming
 d - a +2 trident of flaming (weapon)
 y - a +0 hunting sling
 B - a +0 hunting sling
 H - a +2 flail of holy wrath
 J - a +0 short sword of venom
 S - a +2 battleaxe
 T - a cursed +3 morningstar
 U - a +2 dagger of draining
 X - a +0 short sword of draining
Missiles
 f - 94 arrows
 m - 3 needles of confusion
 n - 50 sling bullets
 o - 84 bolts
 p - 343 stones (quivered)
 q - 35 poisoned needles
 u - 15 tomahawks
Armour
 a - a +0 robe (worn)
 g - a +0 buckler (worn)
 r - a +0 pair of gloves (worn)
 v - +1 pearl dragon scales
 F - a +0 scale mail
 G - a +0 ring mail
 N - a +0 large shield
 Y - a +0 plate armour
Jewellery
 j - a cursed +5 ring of protection (left hand)
 x - a +3 amulet of reflection
 E - an uncursed ring of flight
 I - a cursed amulet of regeneration (around neck)
 K - an uncursed ring of protection from fire
 V - a cursed ring of wizardry (right hand)
Scrolls
 i - a scroll of remove curse
 l - a scroll of magic mapping
 s - 3 scrolls of teleportation {unknown}
 M - 2 scrolls of fog
 Q - a scroll of blinking
 R - 2 scrolls of identify
Potions
 e - a potion of lignification {unknown}
 h - 6 potions of curing
 k - a potion of heal wounds {unknown}
 t - 2 potions of resistance
 w - a potion of mutation {unknown}
 z - 2 potions of degeneration
 A - 2 potions of ambrosia
 C - a potion of haste
 L - a potion of might {unknown}
 P - a potion of magic
Books
 D - a book of Misfortune

   Spells                             Type                      Level
   a - Confusing Touch                Hexes                        1
   b - Confuse                        Hexes                        3
   c - Gell's Gravitas                Translocation                3
   d - Petrify                        Transmutation/Earth          4
   e - Metabolic Englaciation         Hexes/Ice                    5
   f - Yara's Violent Unravelling     Hexes/Transmutation          5
Comestibles
 c - 17 rations
 W - 6 chunks of flesh


   Skills:
 + Level 5.3 Fighting
 + Level 5.3 Short Blades
 + Level 5.3 Long Blades
 + Level 5.3 Axes
 + Level 5.3 Maces & Flails
 + Level 5.3 Polearms
 + Level 5.3 Staves
 + Level 5.3 Slings
 + Level 5.3 Bows
 + Level 5.3 Crossbows
 + Level 5.3 Throwing
 + Level 5.3 Armour
 + Level 7.1 Dodging
 + Level 6.9 Stealth
 + Level 5.3 Shields
 + Level 5.3 Unarmed Combat
 + Level 7.4 Spellcasting
 + Level 4.4 Conjurations
 + Level 4.4 Hexes
 + Level 4.4 Charms
 + Level 4.4 Summonings
 + Level 8.5 Necromancy
 + Level 4.4 Translocations
 + Level 4.4 Transmutations
 + Level 4.4 Fire Magic
 + Level 4.4 Ice Magic
 + Level 4.4 Air Magic
 + Level 4.4 Earth Magic
 + Level 4.4 Poison Magic
 + Level 5.9 Invocations
 + Level 5.3 Evocations


You had 6 spell levels left.
You knew the following spells:

 Your Spells              Type           Power        Failure   Level  Hunger
a - Pain                  Necr           ####         1%          1    None
b - Animate Skeleton      Necr           N/A          1%          1    None
c - Vampiric Draining     Necr           #####.....   1%          3    None
d - Borgnjor's Vile Clut  Necr/Erth      ####......   6%          5    #####..
e - Animate Dead          Necr           N/A          1%          4    ###....
R - Regeneration          Chrm/Necr      ####......   1%          3    None


Dungeon Overview and Level Annotations

Branches:
Dungeon (9/15)             Temple (1/1) D:6            Lair (0/6) D:8
    Orc (0/2) D:9

Altars:
Ashenzari
Dithmenos
Elyvilon
Fedhas
Gozag
Hepliaklqana
Makhleb
Uskayaw
Vehumet
Wu Jian
Xom
Yredelemnul
Zin
The Shining One
Lugonu

Shops:
D:4 %   D:9 (

Portals:
Abyss: D:1

Annotations:
D:1 exclusions: 2 doors and 1 more exclusion
D:4 exclusion: oklob plant
D:6 microfolk's ghost, novice GnSk
D:7 exclusion: killer bee


Innate Abilities, Weirdness & Mutations

Your experience applies equally to all skills.
You have very sharp teeth.
Your uncanny sense of smell can sniff out nearby items.


Message History

Your yak skeleton gores the killer bee but does no damage.
The killer bee stings you. The killer bee completely misses you.
You take 13 damage, and have 45/74 hp.
You puncture the killer bee! You burn the killer bee.
The killer bee stings you. The killer bee completely misses you.
The killer bee closely misses you. The killer bee stings you. x2
Your yak skeleton closely misses the killer bee.
The killer bee completely misses you.
You take 8 damage, and have 37/74 hp.
You puncture the killer bee! You burn the killer bee.
The killer bee explodes!
The fiery explosion engulfs the killer bee.
The killer bee explodes!
The fiery explosion engulfs your yak skeleton.
The fiery explosion engulfs you!
The fiery explosion engulfs the killer bee.
The killer bee explodes!
The fiery explosion engulfs you!
Ouch! That really hurt!
You die...

# ##+ ..##..# #....# .....
#....#....... ....
#....+....... . #..
##+##....#.....#
..###..##..##....#.....#
.....†..#§..#....#.....#
.....).Z#§§##....#.....###
...<...§§@§##....#........
.......§#§§...............
.?......#§................
#..##..##..##...>.........
#.. ### #..##.............
.. #..####+#.........
#<.##..<..........
#####.............
#....#........


You could see a yak skeleton (inner flame).

Vanquished Creatures
  2 two-headed ogres (D:8)
  4 yaks
  2 orc warriors
  5 sky beasts
  An ice beast (D:6)
  4 ogres
  3 phantoms
  2 centaurs
  2 crocodiles (D:8)
  2 bullfrogs
  A scorpion (D:4)
  7 killer bees (D:9)
  2 wights (D:8)
  A centaur zombie (D:5)
  2 crimson imps
  A quasit (D:8)
  2 centaur skeletons
  2 jellies (D:8)
  5 hounds
  4 orc wizards
  An orc priest (D:4)
  A bullfrog skeleton (D:4)
  8 worker ants
  A hound zombie (D:9)
  7 gnolls
  A howler monkey skeleton (D:4)
  9 adders
  A shadow imp (D:6)
  An adder zombie (D:5)
  2 adder skeletons
  A worm (D:2)
  2 dart slugs (D:1)
  3 leopard geckos
  38 orcs
  7 bats
  3 giant cockroaches
  8 goblins
  7 hobgoblins
  9 jackals
  2 kobolds
  3 quokkas
  7 frilled lizards
  A giant cockroach zombie (D:5)
  6 rats
183 creatures vanquished.

Vanquished Creatures (collateral kills)
  A hippogriff (D:8)
  3 wights (D:8)
  A shadow imp (D:5)
  A leopard gecko (D:3)
  2 orcs
  A rat (D:3)
9 creatures vanquished.

Grand Total: 192 creatures vanquished

Notes
Turn   | Place    | Note
-------+----------+-------------------------------------------
     0 | D:1      | zhorgal the Gnoll Necromancer began the quest for the Orb.
     0 | D:1      | Reached XP level 1. HP: 13/13 MP: 6/6
   189 | D:1      | Found a corrupted altar of Lugonu.
   189 | D:1      | Found a one-way gate to the infinite horrors of the Abyss.
   189 | D:1      | Noticed an iron imp
   189 | D:1      | Noticed a demonic crawler
   189 | D:1      | Noticed an iron imp
   189 | D:1      | Noticed a quasit
   189 | D:1      | Noticed a demonic crawler
   189 | D:1      | Noticed an iron imp
   190 | D:1      | Noticed a demonic crawler
   190 | D:1      | Noticed an iron imp
   190 | D:1      | Noticed a quasit
   215 | D:1      | Reached XP level 2. HP: 18/19 MP: 5/7
   759 | D:1      | Learned a level 1 spell: Animate Skeleton
   928 | D:2      | Reached skill level 5 in Spellcasting
   928 | D:2      | Reached XP level 3. HP: 25/25 MP: 7/9
  1004 | D:2      | Reached skill level 1 in Invocations
  1161 | D:2      | Reached skill level 1 in Fighting
  1161 | D:2      | Reached skill level 1 in Short Blades
  1161 | D:2      | Reached skill level 1 in Long Blades
  1161 | D:2      | Reached skill level 1 in Axes
  1161 | D:2      | Reached skill level 1 in Maces & Flails
  1161 | D:2      | Reached skill level 1 in Polearms
  1161 | D:2      | Reached skill level 1 in Staves
  1161 | D:2      | Reached skill level 1 in Slings
  1161 | D:2      | Reached skill level 1 in Bows
  1161 | D:2      | Reached skill level 1 in Crossbows
  1161 | D:2      | Reached skill level 1 in Throwing
  1161 | D:2      | Reached skill level 1 in Armour
  1161 | D:2      | Reached skill level 1 in Shields
  1161 | D:2      | Reached skill level 1 in Unarmed Combat
  1161 | D:2      | Reached skill level 1 in Evocations
  1182 | D:2      | Learned a level 3 spell: Vampiric Draining
  1186 | D:2      | Learned a level 3 spell: Regeneration
  1213 | D:2      | Reached XP level 4. HP: 22/32 MP: 1/11
  1648 | D:3      | Found an opulent altar of Gozag.
  1651 | D:3      | Noticed a bullfrog
  1657 | D:3      | Killed a bullfrog
  1657 | D:3      | Reached skill level 1 in Conjurations
  1657 | D:3      | Reached skill level 1 in Hexes
  1657 | D:3      | Reached skill level 1 in Charms
  1657 | D:3      | Reached skill level 1 in Summonings
  1657 | D:3      | Reached skill level 1 in Translocations
  1657 | D:3      | Reached skill level 1 in Transmutations
  1657 | D:3      | Reached skill level 1 in Fire Magic
  1657 | D:3      | Reached skill level 1 in Ice Magic
  1657 | D:3      | Reached skill level 1 in Air Magic
  1657 | D:3      | Reached skill level 1 in Earth Magic
  1657 | D:3      | Reached skill level 1 in Poison Magic
  1657 | D:3      | Reached XP level 5. HP: 31/37 MP: 4/12
  1880 | D:3      | Found a shimmering altar of Xom.
  2192 | D:4      | Noticed a phantom
  2246 | D:3      | Killed a phantom
  2246 | D:3      | Reached XP level 6. HP: 34/44 MP: 13/13
  2358 | D:4      | Reached skill level 5 in Dodging
  2482 | D:4      | Learned a level 5 spell: Borgnjor's Vile Clutch
  2718 | D:4      | Reached XP level 7. HP: 45/50 MP: 15/15
  3017 | D:4      | Found Aduvicse's Food Boutique.
  3124 | D:4      | Learned a level 4 spell: Animate Dead
  3192 | D:4      | Found a blossoming altar of Fedhas.
  3206 | D:4      | Noticed an oklob plant
  3415 | D:5      | Entered Level 5 of the Dungeon
  3571 | D:5      | Reached skill level 5 in Stealth
  4293 | D:5      | Reached XP level 8. HP: 57/57 MP: 16/16
  4636 | D:6      | Found a hide-covered altar of Uskayaw.
  4636 | D:6      | Found a hazy altar of Hepliaklqana.
  4802 | D:6      | Found a staircase to the Ecumenical Temple.
  4821 | Temple   | Entered the Ecumenical Temple
  4869 | Temple   | Became a worshipper of Ashenzari the Shackled
  5139 | D:6      | Noticed microfolk's ghost (novice GnSk)
  5854 | D:7      | Reached XP level 9. HP: 65/65 MP: 18/18
  5936 | D:7      | Found a glowing golden altar of the Shining One.
  6540 | D:8      | Noticed a two-headed ogre
  6547 | D:8      | Killed a two-headed ogre
  6547 | D:8      | Reached skill level 8 in Necromancy
  6635 | D:8      | Reached skill level 5 in Invocations
  6670 | D:8      | Noticed a two-headed ogre
  6676 | D:8      | Killed a two-headed ogre
  6676 | D:8      | Reached XP level 10. HP: 73/73 MP: 14/20
  6887 | D:8      | Reached * piety under Ashenzari
  6997 | D:8      | Reached skill level 5 in Fighting
  6997 | D:8      | Reached skill level 5 in Short Blades
  6997 | D:8      | Reached skill level 5 in Long Blades
  6997 | D:8      | Reached skill level 5 in Axes
  6997 | D:8      | Reached skill level 5 in Maces & Flails
  6997 | D:8      | Reached skill level 5 in Polearms
  6997 | D:8      | Reached skill level 5 in Staves
  6997 | D:8      | Reached skill level 5 in Slings
  6997 | D:8      | Reached skill level 5 in Bows
  6997 | D:8      | Reached skill level 5 in Crossbows
  6997 | D:8      | Reached skill level 5 in Throwing
  6997 | D:8      | Reached skill level 5 in Armour
  6997 | D:8      | Reached skill level 5 in Shields
  6997 | D:8      | Reached skill level 5 in Unarmed Combat
  6997 | D:8      | Reached skill level 5 in Evocations
  7087 | D:8      | Found a staircase to the Lair.
  7562 | D:9      | Found Ostibb's Weapon Shoppe.
  7563 | D:9      | Found a staircase to the Orcish Mines.
  7702 | D:9      | Killed from afar by a killer bee

Skill      XL: |  1  2  3  4  5  6  7  8  9 10 |
---------------+-------------------------------+-----
Spellcasting   | 5 6 7 |  7.4
Invocations    | 1 2 3 4 5 |  5.9
Fighting       | 1 2 3 4 5 |  5.3
Short Blades   | 1 2 3 4 5 |  5.3
Long Blades    | 1 2 3 4 5 |  5.3
Axes           | 1 2 3 4 5 |  5.3
Maces & Flails | 1 2 3 4 5 |  5.3
Polearms       | 1 2 3 4 5 |  5.3
Staves         | 1 2 3 4 5 |  5.3
Slings         | 1 2 3 4 5 |  5.3
Bows           | 1 2 3 4 5 |  5.3
Crossbows      | 1 2 3 4 5 |  5.3
Throwing       | 1 2 3 4 5 |  5.3
Armour         | 1 2 3 4 5 |  5.3
Shields        | 1 2 3 4 5 |  5.3
Unarmed Combat | 1 2 3 4 5 |  5.3
Evocations     | 1 2 3 4 5 |  5.3
Conjurations   | 1 2 3 4 |  4.4
Hexes          | 1 2 3 4 |  4.4
Charms         | 1 2 3 4 |  4.4
Summonings     | 1 2 3 4 |  4.4
Translocations | 1 2 3 4 |  4.4
Transmutations | 1 2 3 4 |  4.4
Fire Magic     | 1 2 3 4 |  4.4
Ice Magic      | 1 2 3 4 |  4.4
Air Magic      | 1 2 3 4 |  4.4
Earth Magic    | 1 2 3 4 |  4.4
Poison Magic   | 1 2 3 4 |  4.4
Dodging        | 5 6 7 |  7.1
Stealth        | 5 6 |  6.9
Necromancy     | 8 |  8.5

Action                   |  1- 3 |  4- 6 |  7- 9 | 10-12 || total
-------------------------+-------+-------+-------+-------++-------
Melee: Dagger            |    23 |    35 |       |       ||    58
       Bite              |     1 |     2 |    11 |     4 ||    18
       Trident           |       |     8 |   145 |    51 ||   204
       Punch             |       |     2 |     1 |       ||     3
       Flail             |       |     2 |    20 |     4 ||    26
       War axe           |       |       |    11 |       ||    11
Throw: Stone             |       |     2 |       |       ||     2
 Cast: Pain              |    42 |    68 |    68 |     8 ||   186
       Animate Skeleton  |     5 |    18 |    23 |    13 ||    59
       Regeneration      |       |     3 |     9 |       ||    12
       Vampiric Draining |       |       |    12 |       ||    12
       Animate Dead      |       |       |     2 |     1 ||     3
       Borgnjor's Vile C |       |       |     7 |    16 ||    23
Invok: Curse Item        |       |       |     2 |     1 ||     3
  Use: Scroll            |       |       |    14 |     1 ||    15
 Stab: Sleeping          |     1 |     6 |    20 |       ||    27
       Distracted        |       |       |     1 |       ||     1
  Eat: Chunk             |     1 |     5 |    12 |     8 ||    26
       Ration            |       |       |     1 |       ||     1
Armor: Robe              |    15 |    21 |    35 |     9 ||    80
Dodge: Dodged            |    42 |    75 |   103 |    55 ||   275
Block: Buckler           |       |       |    28 |    11 ||    39
